 Dungeon Sprint DCSS version 0.24.0-37-gcf1ca852f1 (webtiles) character file.

Game seed: 9680416495144425299, levelgen mode: deterministic

4876797 Groucho the Dwarven Barricade (level 23, 140/235 HPs)
             Began as a Deep Dwarf Fighter on Nov 25, 2019.
             Was the Champion of Cheibriados.
             Escaped with the Orb
             ... and 3 runes!
             The game lasted 01:21:27 (13530 turns).

Groucho the Dwarven Barricade (Deep Dwarf Fighter) Turns: 13530, Time: 01:21:27

Health: 140/235    AC: 42    Str: 38    XL:     23   Next: 5%
Magic:  40/40 (22) EV: 35    Int: 21    God:    Cheibriados [******]
Gold:   308        SH: 37    Dex: 34    Spells: 76/76 levels left

rFire    + + +     SeeInvis +   w - +9 broad axe "Ocvusy" {freeze, Str+3}
rCold    + + +     Gourm    .   S - +3 large shield
rNeg     + + .     Faith    .   J - +2 gold dragon scales
rPois    +         Spirit   .   c - +1 helmet
rElec    +         Reflect  +   i - +2 cloak
rCorr    .         Harm     .   I - +4 pair of gloves
MR       ++++.     NoTele   +   s - +4 pair of boots
Stlth    ++........             K - amulet "Palie" {Reflect rElec MP+9 SH+3}
HPRegen  0.00/turn              A - ring of the Seer {*Slow rF+ MR+ MP+9 SInv}
MPRegen  0.27/turn              Q - ring "Nouz" {*Slow rF+ rC+++ rN+ Slay+2}

@: non-regenerating, very slow
A: damage resistance, heal wounds, blurry vision 1, deformed body, deterioration
2, dopey 2, frail 1, low mp 1, negative energy resistance 1, sense surroundings
3, weak 1, subdued magic 1, no regeneration
0: Orb of Zot
}: 3/3 runes: silver, golden, iron
a: Heal Wounds, Bend Time, Temporal Distortion, Slouch, Step From Time, Renounce
Religion


You escaped.
You worshipped Cheibriados.
Cheibriados was exalted by your worship.
You were not hungry.

You visited 1 branch You collected 308 gold pieces.

Inventory:

Hand Weapons
 a - the +2 Maxwell's thermic engine {flame, freeze}
   (You found it in the Dungeon)

   It has been specially enchanted to burn those struck by it, causing extra
   injury to most foes and up to half again as much damage against particularly
   susceptible opponents.
   Big, fiery blades are also staple armaments of hydra-hunters.
   It has been specially enchanted to freeze those struck by it, causing extra
   injury to most foes and up to half again as much damage against particularly
   susceptible opponents.
 u - the +6 sword of Cerebov {flame}
   (You took it off Cerebov in the Dungeon)

   It has been specially enchanted to burn those struck by it, causing extra
   injury to most foes and up to half again as much damage against particularly
   susceptible opponents.
   Big, fiery blades are also staple armaments of hydra-hunters.
 w - the +9 broad axe "Ocvusy" (weapon) {freeze, Str+3}
   (You found it in the Dungeon)

   It has been specially enchanted to freeze those struck by it, causing extra
   injury to most foes and up to half again as much damage against particularly
   susceptible opponents.
   It can also slow down cold-blooded creatures.
   It affects your strength (+3).
 B - the +14 obsidian axe {chop, +Fly SInv *Curse}
   (You found it in the Dungeon)

   It inflicts extra damage upon your enemies.
   It lets you see invisible.
   It lets you fly.
   It curses itself when equipped.
 G - a +3 sacred scourge of holy wrath
Missiles
 q - 10 boomerangs
 E - 29 javelins (quivered)
Armour
 c - a +1 helmet (worn)
 i - a +2 cloak (worn)
 s - a +4 pair of boots (worn)
 I - a +4 pair of gloves (worn)
 J - +2 gold dragon scales (worn)
 S - a +3 large shield (worn)
Jewellery
 b - the ring "Oxiavuvi" {Ice +Inv Str+4 Slay-4}
   (You found it in the Dungeon)

   [ring of ice]

   It enhances your ice magic.
   It affects your strength (+4).
   It affects your accuracy and damage with ranged weapons and melee attacks
   (-4).
   It makes you vulnerable to fire.
   It protects you from cold.
   It lets you turn invisible.
 m - the ring of Xom's Malicious Joy {rElec rPois MR+ Dex+3}
   (You found it in the Dungeon)

   [ring of protection from magic]

   It affects your dexterity (+3).
   It insulates you from electricity.
   It protects you from poison.
   It affects your resistance to hostile enchantments.
 A - the ring of the Seer (left hand) {*Slow rF+ MR+ MP+9 SInv}
   (You found it in the Dungeon)

   [ring of protection from fire]

   It protects you from fire.
   It affects your resistance to hostile enchantments.
   It affects your magic capacity (+9).
   It lets you see invisible.
   It may slow you when you take damage.
 H - the amulet of Daisies {+Rage rElec Dex-5 SInv}
   (You found it in the Dungeon)

   [amulet of rage]

   It affects your dexterity (-5).
   It insulates you from electricity.
   It lets you see invisible.
   It lets you go berserk.
 K - the amulet "Palie" (around neck) {Reflect rElec MP+9 SH+3}
   (You found it in the Dungeon)

   [amulet of reflection]

   It shields you and reflects attacks.
   It insulates you from electricity.
   It affects your magic capacity (+9).
   It affects your SH (+3).
 L - the amulet of Free Expression {Gourm Slay+3}
   (You found it in the Dungeon)

   [amulet of the gourmand]

   It allows you to eat raw meat even when not hungry.
   It affects your accuracy and damage with ranged weapons and melee attacks
   (+3).
 M - the amulet of Tealoss {RegenMP rC++}
   (You found it in the Dungeon)

   [amulet of magic regeneration]

   It increases your magic regeneration.
   It greatly protects you from cold.
 N - the ring "Feget" {rElec Str+5}
   (You found it in the Dungeon)

   [ring of strength]

   It affects your strength (+5).
   It insulates you from electricity.
 P - the ring "Mourip" {rElec rPois rN++ Dex-2}
   (You found it in the Dungeon)

   [ring of poison resistance]

   It affects your dexterity (-2).
   It insulates you from electricity.
   It protects you from poison.
   It greatly protects you from negative energy.
 Q - the ring "Nouz" (right hand) {*Slow rF+ rC+++ rN+ Slay+2}
   (You found it in the Dungeon)

   [ring of positive energy]

   It affects your accuracy and damage with ranged weapons and melee attacks
   (+2).
   It protects you from fire.
   It renders you almost immune to cold.
   It protects you from negative energy.
   It may slow you when you take damage.
 R - the ring "Woum Nuisch" {rF++ Int+6}
   (You found it in the Dungeon)

   [ring of intelligence]

   It affects your intelligence (+6).
   It greatly protects you from fire.
 T - the ring "Beimnokh" {rF++ Int+6}
   (You found it in the Dungeon)

   [ring of intelligence]

   It affects your intelligence (+6).
   It greatly protects you from fire.
 U - the amulet "Ushaczau" {RegenMP rN+ Int-4 SInv}
   (You found it in the Dungeon)

   [amulet of magic regeneration]

   It increases your magic regeneration.
   It affects your intelligence (-4).
   It protects you from negative energy.
   It lets you see invisible.
 V - the ring "Ohenia" {rPois rF+ rC+ Str+2}
   (You found it in the Dungeon)

   [ring of protection from cold]

   It affects your strength (+2).
   It protects you from fire.
   It protects you from cold.
   It protects you from poison.
 W - the amulet of Tege {Faith rF++ rN++ Str-2}
   (You found it in the Dungeon)

   [amulet of faith]

   It allows you to gain divine favour quickly.
   It affects your strength (-2).
   It greatly protects you from fire.
   It greatly protects you from negative energy.
 X - the ring "Taebon" {rPois rC+ EV+4 Dex+3}
   (You found it in the Dungeon)

   [ring of evasion]

   It affects your evasion (+4).
   It affects your dexterity (+3).
   It protects you from cold.
   It protects you from poison.
 Y - the amulet of Youthful Indiscretion {Acrobat Slay+5}
   (You found it in the Dungeon)

   [amulet of the acrobat]

   It helps you evade while moving and waiting.
   It affects your accuracy and damage with ranged weapons and melee attacks
   (+5).
Wands
 r - a wand of flame (23)
 v - a wand of digging (3)
 x - a wand of acid (7)
Scrolls
 g - 3 scrolls of fear
 k - 4 scrolls of blinking
 l - a scroll of fog
 n - 6 scrolls of remove curse
 p - 2 scrolls of summoning
 y - 7 scrolls of identify
 O - a scroll of magic mapping
 Z - 6 scrolls of enchant armour
Potions
 d - 3 potions of might
 e - 17 potions of curing
 h - 9 potions of haste
 j - 5 potions of berserk rage
 o - 2 potions of agility
 t - 6 potions of brilliance
 z - a potion of resistance
 C - 2 potions of ambrosia
 D - 2 potions of cancellation
Comestibles
 f - 6 rations


   Skills:
 O Level 27 Fighting
 + Level 19.8 Long Blades
 O Level 27 Axes
 O Level 27 Throwing
 O Level 27 Armour
 O Level 27 Dodging
 O Level 27 Stealth
 O Level 27 Shields
 O Level 27 Unarmed Combat
 O Level 27 Spellcasting
 O Level 27 Invocations
 O Level 27 Evocations


You had 76 spell levels left.
You didn't know any spells.
Your spell library contained the following spells:

 Spells                   Type           Power        Failure   Level  Hunger
 Animate Skeleton         Necr           N/A          3%          1    None
 Apportation              Tloc           ###...       3%          1    None
 Beastly Appendage        Tmut           ###...       3%          1    None
 Confusing Touch          Hex            ###...       3%          1    None
 Corona                   Hex            ###....      3%          1    None
 Flame Tongue             Conj/Fire      ###..        3%          1    None
 Freeze                   Ice            ###.         3%          1    None
 Magic Dart               Conj           ###.         3%          1    None
 Pain                     Necr           ###.         3%          1    None
 Sandblast                Erth           ###...       3%          1    None
 Shock                    Conj/Air       ###.         3%          1    None
 Sting                    Conj/Pois      ###.         3%          1    None
 Summon Butterflies       Summ           ###.....     3%          1    None
 Summon Small Mammal      Summ           ###.         3%          1    None
 Blink                    Tloc           N/A          4%          2    None
 Call Imp                 Summ           ###.....     4%          2    None
 Corpse Rot               Necr           N/A          4%          2    None
 Ensorcelled Hibernation  Hex/Ice        ###...       4%          2    None
 Poisonous Vapours        Pois/Air       ###...       4%          2    None
 Searing Ray              Conj           ###...       4%          2    None
 Slow                     Hex            ###.....     4%          2    None
 Sticks to Snakes         Tmut           ###.....     4%          2    None
 Sublimation of Blood     Necr           ###.......   4%          2    None
 Throw Frost              Conj/Ice       ###...       4%          2    None
 Call Canine Familiar     Summ           ###.....     11%         3    None
 Conjure Flame            Conj/Fire      ###.....     11%         3    None
 Dazzling Spray           Conj/Hex       ###...       11%         3    None
 Gell's Gravitas          Tloc           ###.......   11%         3    None
 Ignite Poison            Fire/Tmut/Pois ###.....     11%         3    None
 Lesser Beckoning         Tloc           ###.......   11%         3    None
 Mephitic Cloud           Conj/Pois/Air  ###.....     11%         3    None
 Recall                   Summ/Tloc      N/A          11%         3    None
 Spectral Weapon          Hex/Chrm       ###.....     11%         3    None
 Spider Form              Tmut/Pois      ###.......   11%         3    None
 Stone Arrow              Conj/Erth      ###...       11%         3    None
 Tukima's Dance           Hex            ###.....     11%         3    None
 Vampiric Draining        Necr           ###.......   11%         3    None
 Airstrike                Air            ###.......   34%         4    None
 Animate Dead             Necr           N/A          34%         4    None
 Cause Fear               Hex            ###.......   34%         4    None
 Ice Form                 Ice/Tmut       ###.....     34%         4    None
 Leda's Liquefaction      Hex/Erth       ###.......   34%         4    None
 Petrify                  Tmut/Erth      ###.....     34%         4    None
 Agony                    Necr           ###.....     71%         5    None
 Alistair's Intoxication  Tmut/Pois      ###.....     71%         5    None
 Blade Hands              Tmut           ###.......   71%         5    None
 Bolt of Draining         Conj/Necr      ###.......   71%         5    None
 Bolt of Magma            Conj/Fire/Erth ###.......   71%         5    None
 Borgnjor's Vile Clutch   Necr/Erth      ###.......   71%         5    None
 Dispel Undead            Necr           ###.....     71%         5    None
 Excruciating Wounds      Chrm/Necr      ###.......   71%         5    None
 Fireball                 Conj/Fire      ###.......   71%         5    None
 Irradiate                Conj/Tmut      ###.......   71%         5    None
 Iskenderun's Battlesphe  Conj/Chrm      ###.....     71%         5    None
 Lightning Bolt           Conj/Air       ###.......   71%         5    None
 Silence                  Hex/Air        ###.......   71%         5    None
 Summon Demon             Summ           ###.......   71%         5    None
 Summon Forest            Summ/Tloc      ###.......   71%         5    None
 Venom Bolt               Conj/Pois      ###.......   71%         5    None
 Yara's Violent Unravell  Hex/Tmut       ###.......   71%         5    None
 Bolt of Cold             Conj/Ice       ###.......   99%         6    None
 Bolt of Fire             Conj/Fire      ###.......   99%         6    None
 Conjure Ball Lightning   Conj/Air       ###.......   99%         6    None
 Darkness                 Hex            ###.......   99%         6    None
 Deflect Missiles         Chrm/Air       ###.......   99%         6    None
 Freezing Cloud           Conj/Ice/Air   ###.......   99%         6    None
 Hydra Form               Tmut           ###.......   99%         6    None
 Invisibility             Hex            ###.....     99%         6    None
 Iron Shot                Conj/Erth      ###.......   99%         6    None
 Ozocubu's Refrigeration  Ice            ###.......   99%         6    None
 Shadow Creatures         Summ           N/A          99%         6    None
 Statue Form              Tmut/Erth      ###......    99%         6    None
 Dragon Form              Tmut           ###.......   100%        7    ####...
 Orb of Destruction       Conj           ###.......   100%        7    ####...
 Ring of Flames           Chrm/Fire      ###.......   100%        7    ####...
 Spellforged Servitor     Conj/Summ      ###.......   100%        7    ####...
 Summon Hydra             Summ           ###.......   100%        7    ####...
 Discord                  Hex            ###.......   100%        8    #####..
 Disjunction              Tloc           ###.......   100%        8    #####..
 Ignition                 Fire           ###.......   100%        8    #####..
 Dragon's Call            Summ           ###.......   100%        9    #######
 Shatter                  Erth           ###.......   100%        9    #######
 Regeneration             Chrm/Necr      Unusable     N/A         3    N/A

Dungeon Overview and Level Annotations

Branches:
Dungeon (1/1)

Altars:
Ashenzari
Cheibriados
Dithmenos
Elyvilon
Fedhas
Gozag
Hepliaklqana
Kikubaaqudgha
Makhleb
Nemelex Xobeh
Okawaru
Qazlal
Ru
Sif Muna
Trog
Uskayaw
Vehumet
Wu Jian
Xom
Yredelemnul
Zin
The Shining One
Beogh
Jiyva
Lugonu


Innate Abilities, Weirdness & Mutations

You are resistant to damage.
You can heal yourself by infusing magical energy.
You resist negative energy. (rN+)
You passively map a large area around you.
You do not regenerate.
Scrolls take you a little longer to read.
Armour fits poorly on your strangely shaped body.
Your body often deteriorates upon taking damage.
You are very dopey. (Int -4)
You are frail. (-10% HP)
Your magical capacity is low. (-10% MP)
You are weak. (Str -2)
Your spells are a little easier to cast, but a little less powerful.


Message History

The ice devil misses you.
Your gold dragon scales prevents you from hitting the ice devil.
The ice devil is heavily wounded.
You slash the ice devil!
The ice devil is severely wounded.
You block the ice devil's attack.
You hit the ice devil.
The ice devil is severely wounded.
You block the ice devil's attack.
You slice the ice devil like a ripe choko!!!
You kill the ice devil!
Cheibriados appreciates the change of pace.
There is a huge open gate to the Main Hall (Safe) here.
There is a huge open gate to the Grid Vault (Hard) here.
There is a huge open gate to the Grid Vault (Hard) here.
There is an open door to the Entrance Hall (Safe) here.
There is a staircase leading out of the dungeon here.
A sixfirhy comes into view.
There is a staircase leading out of the dungeon here.
You have escaped!

##########.##................''..
#...........'................'').
#'#####'#####....3.#.(#......##..
#.#..#...'.##.......([.......##..
#.#..#...#.#####'#####''#########
#.#..#####.##.......##''#########
#.#..'...#.##.......##......#...+
#.#..'...'.##.......##....###...#
#.#..########...@...##...##.+...+
#.#..'.....##.......##..##..##'##
#.#..#.....##.......##..#..##...#
#'###########.......##..#..#.....
#..#.#.##..###########..'..'(...(
#.......#.############..#..#.....
##.#.#.##.#....#....##..#..##...#
#.......#[#....#!...##..##..##'##
##.#.#.##.[....'....##...##.'...+


You could see a sixfirhy.

Vanquished Creatures
  Cerebov (D)
  Antaeus (D)
  Ereshkigal (D)
  the Serpent of Hell (D)
  Gloorx Vloq (D)
  4 orbs of fire (D)
  Mara (D)
  Khufu (D)
  Mennas (D)
  6 ancient liches (D)
  4 pandemonium lords (D)
  2 greater mummies (D)
  Boris (D)
  Frederick (D)
  Margery (D)
  4 Killer Klowns (D)
  Xtahua (D)
  A curse toe (D)
  2 golden dragons (D)
  A profane servitor (D)
  Jory (D)
  2 pearl dragons (D)
  Nikola (D)
  4 electric golems (D)
  3 bone dragons (D)
  3 Brimstone Fiends (D)
  2 Tzitzimimeh (D)
  3 hellephants (D)
  2 liches (D)
  24 Orb Guardians (D)
  A deep elf blademaster (D)
  6 Ice Fiends (D)
  19 titans (D)
  7 Executioners (D)
  An acid blob (D)
  A quicksilver dragon (D)
  A sphinx (D)
  3 shadow dragons (D)
  4 draconian monks (D)
  3 nagarajas (D)
  A storm dragon (D)
  2 azure jellies (D)
  An iron dragon (D)
  3 orc warlords (D)
  21 fire giants (D)
  4 deep elf sorcerers (D)
  3 balrugs (D)
  An angel (D)
  3 draconian scorchers (D)
  A ghost moth (D)
  A draconian knight (D)
  Louise (D)
  A draconian shifter (D)
  17 frost giants (D)
  A ghoul (D)
  A draconian stormcaller (D)
  2 reapers (D)
  14 stone giants (D)
  A vampire knight (D)
  3 deep elf demonologists (D)
  3 green draconians (D)
  A black draconian (D)
  4 deep elf annihilators (D)
  2 yellow draconians (D)
  An apis (D)
  2 lorocyprocas (D)
  2 minotaurs (D)
  A purple draconian (D)
  4 dire elephants (D)
  A deep elf death mage (D)
  2 red draconians (D)
  15 ettins (D)
  2 white draconians (D)
  2 blizzard demons (D)
  An eidolon (D)
  2 death oozes (D)
  A mummy priest (D)
  2 green deaths (D)
  2 fire dragons (D)
  4 yaktaur captains (D)
  4 ogre magi (D)
  Harold (D)
  A vault guard (D)
  2 ice dragons (D)
  4 naga warriors (D)
  2 hell beasts (D)
  A catoblepas (D)
  6 death knights (D)
  10 two-headed ogres (D)
  A deep troll shaman (D)
  3 death yaks (D)
  6 hell hogs (D)
  2 vampire magi (D)
  An orc high priest (D)
  7 hell knights (D)
  4 sun demons (D)
  A flayed ghost (D)
  7 iron trolls (D)
  2 wizards (D)
  12 deep trolls (D)
  A sea snake (D)
  2 cherubim (D)
  2 spriggan druids (D)
  A shadow demon (D)
  10 orc knights (D)
  4 necromancers (D)
  3 orc sorcerers (D)
  An ugly thing (D)
  3 deep elf magi (D)
  13 cyclopes (D)
  A merfolk siren (D)
  2 black mambas (D)
  10 elephants (D)
  A moth of wrath (shapeshifter) (D)
  A smoke demon (D)
  A naga mage (D)
  An eye of devastation (D)
  A molten gargoyle (D)
  A spiny frog (D)
  2 hellions (D)
  A gargoyle (D)
  A komodo dragon (D)
  2 freezing wraiths (D)
  6 yaktaurs (D)
  2 rime drakes (D)
  2 efreet (D)
  3 tormentors (D)
  2 ice devils (D)
  3 red devils (D)
  14 trolls (D)
  A tyrant leech (D)
  A merfolk (D)
  A wind drake (D)
  A snapping turtle (D)
  A shadow (D)
  2 air elementals (D)
  7 redbacks (D)
  A tarantella (D)
  A vampire (D)
  2 water elementals (D)
  A fire bat (D)
  A wyvern (D)
  A wraith (D)
  A basilisk (D)
  A neqoxec (D)
  2 fire elementals (D)
  2 golden eyes (D)
  2 vampire mosquitoes (D)
  A chaos spawn (D)
  Edmund (D)
  2 wargs (D)
  A soldier ant (D)
  An acid dragon (D)
  2 water moccasins (D)
  4 hell hounds (D)
  A large abomination (D)
  A sky beast (D)
  7 floating eyes (D)
  A black bear (D)
  A swamp drake (D)
  7 orc warriors (D)
  2 necrophages (D)
  5 ogres (D)
  A centaur (D)
  A wolf (D)
  A big kobold (D)
  3 earth elementals (D)
  An iron imp (D)
  2 orc priests (D)
  3 orc wizards (D)
  A hell rat (D)
  A worker ant (D)
  3 mummies (D)
  A river rat (D)
  2 white imps (D)
  An ufetubus (D)
  An adder simulacrum (D)
  A leopard gecko (D)
  14 orcs (D)
  A bat (D)
  A goblin (D)
  2 jackals (D)
  A kobold (D)
  3 quokkas (D)
  A giant cockroach simulacrum (D)
  A giant cockroach zombie (D)
  A leopard gecko skeleton (D)
  A quokka skeleton (D)
  A fire vortex (D)
553 creatures vanquished.

Vanquished Creatures (collateral kills)
  Dissolution (D)
  2 Orb Guardians (D)
  A stone giant (D)
  A reaper (D)
  A soul eater (D)
  3 cyclopes (D)
  2 red devils (D)
11 creatures vanquished.

Vanquished Creatures (others)
  A titan (D)
  2 deep elf master archers (D)
  2 fire giants (D)
  An azure jelly (D)
  A frost giant (D)
  2 stone giants (D)
  2 hell knights (D)
  5 cyclopes (D)
  A rust devil (D)
  An adder zombie (D)
  A bat simulacrum (D)
  A bat skeleton (D)
20 creatures vanquished.

Grand Total: 584 creatures vanquished

Notes
Turn   | Place    | Note
-------+----------+-------------------------------------------
     0 | D        | Groucho the Deep Dwarf Fighter began the quest for the Orb.
     0 | D        | Reached XP level 1. HP: 20/20 MP: 1/1
    49 | D        | Found a bloodstained altar of Trog.
    49 | D        | Found a shimmering blue altar of Sif Muna.
    49 | D        | Found a viscous altar of Jiyva.
    49 | D        | Found a hazy altar of Hepliaklqana.
    49 | D        | Found an opulent altar of Gozag.
    50 | D        | Found a glowing golden altar of the Shining One.
    50 | D        | Found a glowing silver altar of Zin.
    50 | D        | Found a basalt altar of Yredelemnul.
    50 | D        | Found a shimmering altar of Xom.
    50 | D        | Found an ornate altar of the Wu Jian Council.
    50 | D        | Found a sacrificial altar of Ru.
    50 | D        | Found a stormy altar of Qazlal.
    50 | D        | Found an iron altar of Okawaru.
    50 | D        | Found a sparkling altar of Nemelex Xobeh.
    50 | D        | Found a burning altar of Makhleb.
    50 | D        | Found a blossoming altar of Fedhas.
    50 | D        | Found a white marble altar of Elyvilon.
    50 | D        | Found a shadowy altar of Dithmenos.
    50 | D        | Found a snail-covered altar of Cheibriados.
    52 | D        | Found a radiant altar of Vehumet.
    52 | D        | Found a corrupted altar of Lugonu.
    52 | D        | Found a roughly hewn altar of Beogh.
    53 | D        | Found a hide-covered altar of Uskayaw.
    53 | D        | Found an ancient bone altar of Kikubaaqudgha.
    53 | D        | Found a shattered altar of Ashenzari.
    62 | D        | Became a worshipper of Cheibriados the Contemplative
    82 | D        | Reached * piety under Cheibriados
    82 | D        | Reached skill level 1 in Invocations
    96 | D        | Reached ** piety under Cheibriados
    96 | D        | Reached XP level 2. HP: 26/28 MP: 1/3
   329 | D        | Reached XP level 3. HP: 29/36 MP: 3/5
   335 | D        | Reached *** piety under Cheibriados
   336 | D        | Reached **** piety under Cheibriados
   417 | D        | Noticed a wolf
   433 | D        | Killed a wolf
   433 | D        | Reached skill level 5 in Axes
   433 | D        | Reached skill level 5 in Armour
   433 | D        | Reached skill level 5 in Shields
   433 | D        | Reached skill level 5 in Invocations
   433 | D        | Reached XP level 4. HP: 30/45 MP: 5/7
   854 | D        | Noticed a water moccasin
   873 | D        | Killed a water moccasin
   873 | D        | Reached skill level 5 in Fighting
   873 | D        | Reached XP level 5. HP: 30/52 MP: 7/10
  1000 | D        | Noticed a floating eye
  1001 | D        | Killed a floating eye
  1001 | D        | Reached ***** piety under Cheibriados
  1001 | D        | Reached XP level 6. HP: 36/62 MP: 11/11
  1002 | D        | Noticed a water moccasin
  1010 | D        | Killed a water moccasin
  1139 | D        | Noticed a fire bat
  1147 | D        | Killed a fire bat
  1147 | D        | Reached XP level 7. HP: 28/70 MP: 13/13
  1153 | D        | Noticed Edmund
  1164 | D        | Killed Edmund
  1501 | D        | Noticed a wizard
  1502 | D        | Noticed a shadow
  1502 | D        | HP: 3/72 [wizard/fireball (37)]
  1503 | D        | Reached skill level 10 in Invocations
  1503 | D        | Reached XP level 8. HP: 4/81 MP: 15/15
  1503 | D        | Reached ****** piety under Cheibriados
  1508 | D        | Killed a wizard
  1508 | D        | Reached skill level 10 in Armour
  1508 | D        | Reached skill level 10 in Shields
  1631 | D        | Noticed a deep elf mage
  1640 | D        | Killed a deep elf mage
  1640 | D        | Reached skill level 10 in Axes
  1640 | D        | Gained mutation: You passively map the area around you.
                  | [Deep Dwarf growth]
  1640 | D        | Reached XP level 9. HP: 19/91 MP: 17/17
  1756 | D        | Noticed a freezing wraith
  1767 | D        | Killed a freezing wraith
  2005 | D        | Noticed a troll
  2010 | D        | Killed a troll
  2026 | D        | Noticed a black mamba
  2033 | D        | Killed a black mamba
  2038 | D        | Noticed a deep troll
  2044 | D        | Killed a deep troll
  2044 | D        | Reached skill level 10 in Fighting
  2380 | D        | Noticed an elephant
  2386 | D        | Killed an elephant
  2386 | D        | Reached XP level 10. HP: 52/102 MP: 8/20
  2953 | D        | Noticed a cyclops
  2960 | D        | Killed a cyclops
  2961 | D        | Noticed a gargoyle
  2966 | D        | Killed a gargoyle
  3145 | D        | Noticed a sun demon
  3149 | D        | Killed a sun demon
  3177 | D        | Noticed a deep elf mage
  3190 | D        | Killed a deep elf mage
  3192 | D        | Noticed a black mamba
  3192 | D        | Noticed Harold
  3193 | D        | Killed a black mamba
  3199 | D        | Killed Harold
  3199 | D        | Reached skill level 15 in Invocations
  3199 | D        | Reached XP level 11. HP: 80/111 MP: 0/22
  3488 | D        | Noticed a flayed ghost
  3489 | D        | Noticed a two-headed ogre
  3492 | D        | Killed a two-headed ogre
  3496 | D        | Killed a flayed ghost
  3575 | D        | HP: 5/114 [ice devil (21)]
  3748 | D        | Got the +9 hand crossbow "Lifebane" {penet, rPois rC-
                  | Int+5}
  3811 | D        | Noticed a deep troll
  3820 | D        | Killed a deep troll
  3820 | D        | Reached skill level 1 in Dodging
  3870 | D        | Noticed a spriggan druid
  3870 | D        | Noticed an orc sorcerer
  3871 | D        | Noticed an orc high priest
  3873 | D        | Killed a spriggan druid
  3873 | D        | Killed an orc sorcerer
  3875 | D        | Killed an orc high priest
  4192 | D        | Noticed an orc sorcerer
  4193 | D        | Noticed a hell hog
  4194 | D        | Noticed a hell hog
  4194 | D        | Noticed a hell hog
  4196 | D        | Killed an orc sorcerer
  4196 | D        | Killed a hell hog
  4196 | D        | Reached skill level 5 in Dodging
  4196 | D        | Killed a hell hog
  4196 | D        | Reached skill level 15 in Armour
  4196 | D        | Killed a hell hog
  4196 | D        | Reached skill level 15 in Shields
  4196 | D        | Reached XP level 12. HP: 63/126 MP: 16/22
  4209 | D        | Noticed a minotaur
  4220 | D        | Killed a minotaur
  4220 | D        | Reached skill level 15 in Axes
  4429 | D        | Noticed a vampire knight
  4429 | D        | Noticed a frost giant
  4429 | D        | Noticed an Executioner
  4429 | D        | Noticed a hell hog
  4430 | D        | Noticed a hell hog
  4430 | D        | Noticed a hell hog
  4431 | D        | Killed an Executioner
  4432 | D        | Killed a hell hog
  4432 | D        | Killed a hell hog
  4432 | D        | Killed a hell hog
  4436 | D        | Killed a vampire knight
  4440 | D        | Killed a frost giant
  4528 | D        | Noticed a blizzard demon
  4529 | D        | Noticed a vampire mage
  4531 | D        | Identified the amulet of Sloth {Spirit *Slow rPois rF-
                  | rN+++}
  4532 | D        | Noticed a two-headed ogre
  4534 | D        | Identified the +8 quarterstaff "Dodonn" {pain, rN+}
  4535 | D        | Noticed a catoblepas
  4540 | D        | Killed a vampire mage
  4541 | D        | Killed a blizzard demon
  4541 | D        | Reached skill level 10 in Dodging
  4541 | D        | Reached XP level 13. HP: 59/136 MP: 5/21
  4665 | D        | Noticed an orc warlord
  4665 | D        | Noticed an orc warlord
  4680 | D        | Killed an orc warlord
  4680 | D        | Reached skill level 15 in Fighting
  4738 | D        | Killed a lorocyproca
  4784 | D        | Killed an orc warlord
  4790 | D        | Noticed a nagaraja
  4800 | D        | Gained mutation: You resist negative energy. (rN+) [Deep
                  | Dwarf growth]
  4800 | D        | Reached XP level 14. HP: 63/150 MP: 4/20
  4801 | D        | Killed a nagaraja
  4922 | D        | Got the cursed +0 large shield of Dramatic Exits {+Blink}
  5189 | D        | Noticed a nagaraja
  5199 | D        | Killed a nagaraja
  5231 | D        | Noticed a deep elf sorcerer
  5231 | D        | Noticed a purple draconian scorcher
  5242 | D        | Killed a deep elf sorcerer
  5242 | D        | Noticed a red draconian stormcaller
  5251 | D        | Killed a purple draconian scorcher
  5254 | D        | Killed a red draconian stormcaller
  5256 | D        | Reached skill level 15 in Dodging
  5257 | D        | Noticed a red draconian monk
  5260 | D        | Noticed a lich
  5282 | D        | Noticed a cacodemon
  5285 | D        | Killed a red draconian monk
  5287 | D        | Killed a lich
  5470 | D        | Noticed a black draconian scorcher
  5478 | D        | Killed a black draconian scorcher
  5534 | D        | Noticed a deep elf sorcerer
  5563 | D        | Killed a deep elf sorcerer
  6152 | D        | Got the Compendium of the Spatial Rocks
  6160 | D        | Got the Guide on the Birds
  6165 | D        | Got Sif Muna's Incunabulum of the Goat
  6170 | D        | Got Puby's Handbook of the Glacial Blaze
  6174 | D        | Got the Compendium of the Loofah
  6184 | D        | Got the Grimoire of Mutagenic Bewitchment
  6248 | D        | Got the amulet "Palie" {Reflect rElec MP+9 SH+3}
  6250 | D        | Got the amulet of Free Expression {Gourm Slay+3}
  6252 | D        | Got the amulet of Tealoss {RegenMP rC++}
  6254 | D        | Got the ring "Feget" {rElec Str+5}
  6256 | D        | Got the amulet of Wuolox {Inacc rF+}
  6258 | D        | Got the ring of Akaimnaxal {Fire rN+ Str+4 Stlth+}
  6260 | D        | Got the amulet "Dafiff" {Gourm *Drain Int+7 Slay+5}
  6262 | D        | Got the ring "Gisuffeq" {Wiz MR+ Str+4}
  6264 | D        | Got the amulet "Boof" {+Inv Regen+}
  6266 | D        | Got the amulet of Uxuxi {Spirit -Tele +Fly Str+3}
  6268 | D        | Got the amulet "Ushaczau" {RegenMP rN+ Int-4 SInv}
  6270 | D        | Got the ring "Ohenia" {rPois rF+ rC+ Str+2}
  6272 | D        | Got the amulet of Tege {Faith rF++ rN++ Str-2}
  6286 | D        | Got the ring of Quiphew {Fire -Tele +Inv Int+3 Stlth+}
  6288 | D        | Got the ring "Ofocaemi" {-Tele +Fly rF+ Int+3 Dex+5}
  6290 | D        | Got the ring of Yntes {MR++ Int+6}
  6313 | D        | Got the ring "Oxiavuvi" {Ice +Inv Str+4 Slay-4}
  6315 | D        | Got the ring of Xom's Malicious Joy {rElec rPois MR+ Dex+3}
  6317 | D        | Got the ring of the Seer {*Slow rF+ MR+ MP+9 SInv}
  6319 | D        | Got the ring of Voymag {rC+ Dex+3 Stlth+}
  6322 | D        | Got the ring "Mourip" {rElec rPois rN++ Dex-2}
  6324 | D        | Got the ring "Nouz" {*Slow rF+ rC+++ rN+ Slay+2}
  6327 | D        | Got the ring "Woum Nuisch" {rF++ Int+6}
  6329 | D        | Got the ring of Zeschyje {Str-2 Int+6 Dex-5 Slay+5 Stlth+}
  6331 | D        | Got the ring "Beimnokh" {rF++ Int+6}
  6333 | D        | Got the ring "Gueraenk" {rF+ Str+8}
  6616 | D        | Noticed a stone giant
  6621 | D        | Killed a stone giant
  6621 | D        | Reached XP level 15. HP: 103/163 MP: 19/19
  6641 | D        | Noticed a nagaraja
  6642 | D        | Noticed a deep elf sorcerer
  6644 | D        | Noticed a bone dragon
  6650 | D        | Killed a deep elf sorcerer
  6652 | D        | Killed a nagaraja
  6655 | D        | Noticed a shadow dragon
  6660 | D        | Killed a bone dragon
  6683 | D        | Killed a shadow dragon
  6761 | D        | Noticed a green draconian monk
  6762 | D        | Noticed a frost giant
  6762 | D        | Noticed a shadow dragon
  6769 | D        | Killed a shadow dragon
  6769 | D        | Killed a green draconian monk
  6769 | D        | Killed a frost giant
  6779 | D        | Noticed an Ice Fiend
  6789 | D        | Killed an Ice Fiend
  6941 | D        | Noticed Jory
  6941 | D        | Noticed a titan
  6950 | D        | Killed a titan
  6969 | D        | Killed Jory
  6992 | D        | Got the Collected Works on Creative Confrontation
  7005 | D        | Noticed a fire giant
  7010 | D        | Killed a fire giant
  7052 | D        | Found the +14 obsidian axe {chop, +Fly SInv *Curse}
  7062 | D        | Got the +6 broad axe of Triumph {chop, -Tele Str+5 Stlth+}
  7167 | D        | Noticed a titan
  7168 | D        | Found the +10 morningstar "Eos" {elec, Halo rElec}
  7169 | D        | Reached XP level 16. HP: 127/180 MP: 20/20
  7173 | D        | Killed a titan
  7287 | D        | Got the Almanac of Arcane Weapons
  7303 | D        | Got a silver rune of Zot
  7331 | D        | Got Xipsen's Reference Book on Stones
  7473 | D        | Noticed a deep elf master archer
  7475 | D        | Killed a deep elf master archer
  7477 | D        | Noticed a hellephant
  7494 | D        | Killed a hellephant
  7506 | D        | Noticed an ancient lich
  7517 | D        | Killed an ancient lich
  7573 | D        | Noticed an Executioner
  7573 | D        | Noticed an ancient lich
  7573 | D        | Noticed an Ice Fiend
  7573 | D        | Noticed Xtahua
  7574 | D        | Killed an Executioner
  7574 | D        | Reached XP level 17. HP: 92/194 MP: 20/20
  7578 | D        | Killed an ancient lich
  7578 | D        | Killed an Ice Fiend
  7578 | D        | Killed Xtahua
  7972 | D        | Noticed a Killer Klown
  7984 | D        | Killed a Killer Klown
  7984 | D        | Reached skill level 27 in Armour
  7984 | D        | Reached skill level 27 in Shields
  8000 | D        | Noticed a hellephant
  8012 | D        | Killed a hellephant
  8020 | D        | Noticed a curse toe
  8033 | D        | Killed a curse toe
  8051 | D        | Noticed an orb of fire
  8062 | D        | Killed an orb of fire
  8067 | D        | Noticed an orb of fire
  8084 | D        | Gained mutation: Armour fits poorly on your strangely
                  | shaped body. [an orb of fire]
  8089 | D        | Gained mutation: Scrolls take you a little longer to read.
                  | [an orb of fire]
  8090 | D        | Gained mutation: You are frail. (-10% HP) [an orb of fire]
  8094 | D        | Killed an orb of fire
  8207 | D        | Noticed an Ice Fiend
  8215 | D        | Killed an Ice Fiend
  8215 | D        | Reached skill level 27 in Dodging
  8251 | D        | Noticed Zetayvva the pandemonium lord
  8267 | D        | Noticed a titan
  8274 | D        | Killed a titan
  8278 | D        | Killed Zetayvva the pandemonium lord
  8283 | D        | Reached skill level 27 in Fighting
  8640 | D        | Noticed a pearl dragon
  8654 | D        | Killed a pearl dragon
  8654 | D        | Gained mutation: You passively map a large area around you.
                  | [Deep Dwarf growth]
  8654 | D        | Reached XP level 18. HP: 97/196 MP: 19/19
  8835 | D        | Noticed an orb of fire
  8847 | D        | Gained mutation: Your body sometimes deteriorates upon
                  | taking damage. [an orb of fire]
  8848 | D        | Gained mutation: Your spells are a little easier to cast,
                  | but a little less powerful. [an orb of fire]
  8851 | D        | Gained mutation: You are weak. (Str -2) [an orb of fire]
  8874 | D        | Killed an orb of fire
  8944 | D        | Noticed Louise
  8956 | D        | Killed Louise
  9097 | D        | Noticed Gloorx Vloq
  9097 | D        | Noticed a Tzitzimitl
  9109 | D        | Killed a Tzitzimitl
  9112 | D        | Killed Gloorx Vloq
  9407 | D        | Noticed a Tzitzimitl
  9410 | D        | Killed a Tzitzimitl
  9410 | D        | Reached skill level 10 in Throwing
  9410 | D        | Noticed Mennas
  9442 | D        | Killed Mennas
  9470 | D        | Identified the +6 sword of Cerebov {flame}
  9470 | D        | Noticed Cerebov
  9485 | D        | Noticed an Ice Fiend
  9491 | D        | Killed Cerebov
 10022 | D        | Noticed a golden dragon
 10036 | D        | Killed a golden dragon
 10036 | D        | Reached skill level 27 in Invocations
 10056 | D        | Noticed Ereshkigal
 10083 | D        | Killed Ereshkigal
 10083 | D        | Reached skill level 15 in Throwing
 10083 | D        | Reached XP level 19. HP: 84/203 MP: 21/21
 10096 | D        | Noticed the Serpent of Hell
 10114 | D        | Killed the Serpent of Hell
 10356 | D        | Noticed an electric golem
 10356 | D        | Noticed a Brimstone Fiend
 10356 | D        | Noticed Antaeus
 10390 | D        | Killed Antaeus
 10396 | D        | Killed an electric golem
 10402 | D        | Killed a Brimstone Fiend
 10402 | D        | Reached skill level 27 in Axes
 10574 | D        | Noticed a hellephant
 10580 | D        | Killed a hellephant
 10592 | D        | Got the ring "Taebon" {rPois rC+ EV+4 Dex+3}
 10600 | D        | Got the amulet of Youthful Indiscretion {Acrobat Slay+5}
 10604 | D        | Got an iron rune of Zot
 10612 | D        | Got the amulet of Daisies {+Rage rElec Dex-5 SInv}
 10679 | D        | Noticed Icadalam the pandemonium lord
 10689 | D        | Killed Icadalam the pandemonium lord
 10695 | D        | Noticed a profane servitor
 10705 | D        | Killed a profane servitor
 10724 | D        | Noticed Dissolution
 10728 | D        | Killed Dissolution
 10799 | D        | Reached XP level 20. HP: 153/212 MP: 18/18
 10799 | D        | Reached skill level 27 in Throwing
 10800 | D        | Reached skill level 10 in Evocations
 10800 | D        | Reached skill level 15 in Evocations
 10805 | D        | Found the +9 staff of Olgreb {rPois}
 10805 | D        | Reached skill level 27 in Evocations
 10806 | D        | Reached skill level 5 in Spellcasting
 10814 | D        | Reached skill level 10 in Spellcasting
 10834 | D        | Reached skill level 15 in Spellcasting
 10852 | D        | Found the +2 Maxwell's thermic engine {flame, freeze}
 10886 | D        | Got a golden rune of Zot
 11019 | D        | Got the Compendium of Calling
 11127 | D        | Noticed Boris
 11134 | D        | Killed Boris
 11148 | D        | Reached XP level 21. HP: 171/219 MP: 8/24
 11150 | D        | Noticed an ancient lich
 11154 | D        | Noticed an ancient lich
 11159 | D        | Killed an ancient lich
 11167 | D        | Killed an ancient lich
 11403 | D        | Noticed a Killer Klown
 11409 | D        | Killed a Killer Klown
 11475 | D        | Noticed an orb of fire
 11475 | D        | Gained mutation: Your body often deteriorates upon taking
                  | damage. [an orb of fire]
 11481 | D        | Gained mutation: You are dopey. (Int -2) [an orb of fire]
 11488 | D        | Gained mutation: Your magical capacity is low. (-10% MP)
                  | [an orb of fire]
 11490 | D        | Killed an orb of fire
 11976 | D        | Noticed a greater mummy
 11987 | D        | Killed a greater mummy
 12020 | D        | Reached skill level 27 in Spellcasting
 12148 | D        | Reached skill level 10 in Unarmed Combat
 12164 | D        | Noticed a Killer Klown
 12164 | D        | Noticed Mara
 12164 | D        | Noticed Margery
 12166 | D        | Killed a Killer Klown
 12166 | D        | Reached skill level 15 in Unarmed Combat
 12166 | D        | Noticed Nikola
 12171 | D        | Noticed Groucho's illusion
 12171 | D        | Noticed a Killer Klown
 12173 | D        | Killed Mara
 12176 | D        | Killed Nikola
 12176 | D        | Killed Margery
 12185 | D        | Reached XP level 22. HP: 95/228 MP: 27/27
 12190 | D        | Killed a Killer Klown
 12281 | D        | Got the +9 broad axe "Ocvusy" {freeze, Str+3}
 12504 | D        | Reached skill level 5 in Stealth
 12509 | D        | Noticed an ancient lich
 12509 | D        | Noticed a greater mummy
 12510 | D        | Noticed Khufu
 12514 | D        | Noticed a golden dragon
 12515 | D        | Reached skill level 10 in Stealth
 12516 | D        | Killed a golden dragon
 12526 | D        | Killed an ancient lich
 12526 | D        | Reached skill level 15 in Stealth
 12534 | D        | Killed a greater mummy
 12537 | D        | Killed Khufu
 12829 | D        | Noticed Hidoor the pandemonium lord
 12833 | D        | Noticed an ancient lich
 12840 | D        | Killed Hidoor the pandemonium lord
 12846 | D        | Noticed Rotociboy the pandemonium lord
 12848 | D        | Killed an ancient lich
 12851 | D        | Reached skill level 27 in Unarmed Combat
 12859 | D        | Noticed Frederick
 12864 | D        | Gained mutation: You are very dopey. (Int -4) [a neqoxec]
 12867 | D        | Killed Rotociboy the pandemonium lord
 12867 | D        | Reached skill level 27 in Stealth
 12869 | D        | Killed Frederick
 12869 | D        | Reached skill level 10 in Long Blades
 12889 | D        | Reached skill level 15 in Long Blades
 13416 | D        | Got the Orb of Zot
 13458 | D        | Reached XP level 23. HP: 235/235 MP: 22/22
 13530 | D        | Escaped with the Orb!

Levels and vault maps discovered:
D:        pitsprint [storerooms_1, entrance_room_1, metal_vault_6, armoury_1,
          mini_pit_1, grid_room_1, main_hall_1, silver_pit, the_coven_3,
          the_vestibule_1, steel_vault_4, golden_pit, hallway_of_sentries,
          crystal_vault_3, iron_vault_5, final_vault]

Skill      XL: |  1  2  3  4  5  6  7  8  9 10 11 12 13 14 15 16 17 18 19 20 21 22 23 |
---------------+----------------------------------------------------------------------+-----
Fighting       | 3 4 5 6 7 9 10 11 13 14 16 18 20 22 27 | 27.0
Invocations    | 1 3 5 6 7 8 10 11 13 15 16 27 | 27.0
Axes           | 3 5 6 7 8 10 11 13 14 16 18 24 27 | 27.0
Armour         | 4 5 6 7 8 9 10 11 13 15 16 18 20 23 26 27 | 27.0
Shields        | 4 5 6 7 8 9 10 11 13 15 16 18 21 23 26 27 | 27.0
Dodging        | 5 10 13 17 20 23 27 | 27.0
Throwing       | 4 15 26 27 | 27.0
Evocations     | 27 | 27.0
Spellcasting   | 19 27 | 27.0
Unarmed Combat | 20 27 | 27.0
Stealth        | 27 | 27.0
Long Blades    | 18 19 | 19.8

Action                   |  1- 3 |  4- 6 |  7- 9 | 10-12 | 13-15 | 16-18 | 19-21 | 22-24 || total
-------------------------+-------+-------+-------+-------+-------+-------+-------+-------++-------
Melee: War axe           |     9 |       |    47 |   100 |   127 |       |       |       ||   283
       Hand axe          |    30 |    26 |    13 |       |       |       |       |       ||    69
       Broad axe         |       |       |       |       |   211 |   348 |   275 |    76 ||   910
Throw: Stone             |       |       |       |     5 |       |       |       |       ||     5
       Boomerang         |       |       |       |       |     7 |       |       |       ||     7
       Javelin           |       |       |       |       |     3 |       |    25 |     9 ||    37
Invok: Slouch            |       |     1 |    10 |    37 |    43 |    40 |    30 |    21 ||   182
 Abil: Heal Wounds       |       |       |     2 |    11 |    26 |    25 |    32 |    28 ||   124
       Evoke Blink       |       |       |       |       |     2 |       |       |       ||     2
Evoke: Wand              |       |       |       |       |     2 |       |       |       ||     2
  Use: Potion            |       |       |     6 |    12 |     2 |    17 |     3 |     4 ||    44
       Scroll            |       |       |       |     1 |     4 |     1 |       |     1 ||     7
 Stab: Invisible         |       |       |       |     2 |       |       |     7 |       ||     9
       Distracted        |       |       |       |     1 |     1 |       |     5 |     1 ||     8
  Eat: Ration            |       |       |     1 |     2 |     3 |     2 |     3 |       ||    11
       Chunk             |       |       |       |     2 |       |     3 |     3 |       ||     8
Armor: Scale mail        |     5 |       |       |       |       |       |       |       ||     5
       Chain mail        |     7 |    10 |     3 |       |       |       |       |       ||    20
       Plate armour      |       |       |    30 |    37 |    32 |       |       |       ||    99
       Gold dragon scale |       |       |       |       |    26 |    56 |    47 |    23 ||   152
Dodge: Dodged            |    10 |     7 |    11 |    33 |   118 |   126 |   160 |    93 ||   558
Block: Shield            |    23 |    22 |    52 |    72 |    83 |       |       |       ||   252
       Large shield      |       |       |       |       |   207 |   346 |   361 |   192 ||  1106
       Reflection        |       |       |       |       |     3 |    12 |    10 |     6 ||    31
